[ AOE2 MATCH · #479619177 ]
UnrankedMalay vs Mongols
[ REPLAY ANALYSIS · EXTRACTED FROM THE RECORDED GAME ]
Feudal
10:40
Castle
14:53
Imperial
24:51
| APM avg | 24.3 |
| APM peak | 64 |
| eAPM avg | 16.4 |
| Villagers / military | 81 / 61 |
Focus
⚔️ 34.6% · 🌾 65.4%
Scout Cavalry ×25 · Archer ×18 · Karambit Warrior ×8 · Trebuchet (Packed) ×6 · Mangonel ×2 · Skirmisher ×2
Feudal
10:40
Castle
14:42
Imperial
30:22
| APM avg | 21.5 |
| APM peak | 47 |
| eAPM avg | 13.5 |
| Villagers / military | 186 / 305 |
Focus
⚔️ 29.1% · 🌾 70.9%
Spearman ×200 · Skirmisher ×95 · Trebuchet (Packed) ×5 · Battering Ram ×4 · Mangonel ×1
Feudal
10:56
Castle
15:11
Imperial
30:48
| APM avg | 26.9 |
| APM peak | 64 |
| eAPM avg | 16.5 |
| Villagers / military | 176 / 154 |
Focus
⚔️ 32.3% · 🌾 67.7%
Mangudai ×133 · Battering Ram ×12 · Scorpion ×4 · Monk ×2 · Trebuchet (Packed) ×2 · Spearman ×1
Feudal
10:48
Castle
14:52
Imperial
35:15
| APM avg | 30.9 |
| APM peak | 78 |
| eAPM avg | 18.3 |
| Villagers / military | 167 / 347 |
Focus
⚔️ 34.5% · 🌾 65.5%
Spearman ×320 · Bombard Cannon ×14 · Hand Cannoneer ×9 · Trebuchet (Packed) ×3 · Militia ×1
Feudal
10:09
Castle
13:55
Imperial
42:35
| APM avg | 31.5 |
| APM peak | 81 |
| eAPM avg | 21.8 |
| Villagers / military | 184 / 350 |
Focus
⚔️ 41.2% · 🌾 58.8%
Spearman ×255 · Tarkan ×76 · Petard ×19
Feudal
10:59
Castle
14:14
Imperial
30:45
| APM avg | 28.6 |
| APM peak | 112 |
| eAPM avg | 21.8 |
| Villagers / military | 171 / 182 |
Focus
⚔️ 34.4% · 🌾 65.6%
Battle Elephant ×124 · Scout Cavalry ×43 · Trebuchet (Packed) ×10 · Monk ×4 · Ballista Elephant ×1
Feudal
11:25
Castle
15:00
Imperial
32:20
| APM avg | 22.1 |
| APM peak | 45 |
| eAPM avg | 16.0 |
| Villagers / military | 128 / 151 |
Focus
⚔️ 25.9% · 🌾 74.1%
Archer ×85 · Knight ×57 · Trebuchet (Packed) ×5 · Monk ×2 · Bombard Cannon ×2
Feudal
10:15
Castle
13:54
Imperial
36:04
| APM avg | 37.6 |
| APM peak | 68 |
| eAPM avg | 17.7 |
| Villagers / military | 73 / 76 |
Focus
⚔️ 30.1% · 🌾 69.9%
Monk ×34 · Unknown (2562) ×19 · Battering Ram ×16 · Spearman ×11 · Petard ×7 · Scorpion ×4
Match map
Initial resources + every placement click. Lines = walls · curves = elevation contours. ◆ gold · ⬟ stone · ● berries · ✦ relic · ◌ wall gap
Your base· ✓ Closed at 14:53 · 12t walls · 2 gate(s)
iann254's base· ✓ Closed at 14:42 · 0t walls · 3 gate(s)
AiM | PoRRo's base· ✓ Closed at 15:11 · 0t walls · 3 gate(s)
我在帝国里面修仙's base· ✓ Closed at 14:52 · 8t walls · 3 gate(s)
Alvarooo18's base· ✓ Closed at 13:55 · 0t walls · 2 gate(s)
安心's base· ✓ Closed at 14:14 · 15t walls · 1 gate(s)
naski's base· Open — 9t gap
survivorsteven's base· ✓ Closed at 13:54 · 3t walls · 7 gate(s)
Smoothed initial terrain · ◌ = detected wall gap · hover for details
Inputs per minute
— 果酱汁鸡 - - iann254
Build order — 果酱汁鸡
First 150 of 245 actions detected
| 0:03 | Queue | Villager (Male) ×4 |
| 0:04 | Queue | Villager (Male) ×4 |
| 0:05 | Build | House |
| 0:08 | Build | House |
| 1:39 | Queue | Villager (Male) |
| 1:47 | Build | Lumber Camp |
| 2:13 | Queue | Villager (Male) |
| 2:23 | Queue | Villager (Male) |
| 2:58 | Queue | Villager (Male) |
| 3:12 | Build | Palisade Wall |
| 3:14 | Build | Palisade Wall |
| 3:15 | Queue | Villager (Male) |
| 3:52 | Queue | Villager (Male) ×2 |
| 4:02 | Build | House |
| 4:04 | Build | House |
| 4:27 | Queue | Villager (Male) |
| 4:51 | Build | Mill |
| 5:12 | Queue | Villager (Male) ×2 |
| 5:45 | Queue | Villager (Male) |
| 5:49 | Queue | Villager (Male) |
| 6:16 | Queue | Villager (Male) ×2 |
| 6:58 | Build | Mining Camp |
| 7:39 | Queue | Villager (Male) |
| 7:40 | Queue | Villager (Male) |
| 7:47 | Build | House |
| 8:28 | Queue | Villager (Male) |
| 8:38 | Build | Mining Camp |
| 8:55 | Queue | Villager (Male) |
| 8:56 | Queue | Villager (Male) |
| 9:09 | Build | Farm |
| 9:18 | Research | Feudal Age |
| 9:41 | Build | Farm |
| 9:56 | Queue | Villager (Male) |
| 9:57 | Queue | Villager (Male) |
| 9:57 | Research | Loom |
| 10:18 | Build | Farm |
| 10:40 | Age | Feudal Age |
| 10:44 | Build | Blacksmith |
| 11:18 | Build | Market |
| 11:32 | Build | Farm |
| 11:42 | Queue | Villager (Male) |
| 11:49 | Build | Farm |
| 12:08 | Build | House |
| 12:15 | Queue | Villager (Male) |
| 12:21 | Build | Farm |
| 13:17 | Research | Castle Age |
| 13:17 | Research | Castle Age |
| 13:17 | Research | Castle Age |
| 14:13 | Research | Double-Bit Axe |
| 14:48 | Queue | Villager (Male) |
| 14:53 | Age | Castle Age |
| 14:58 | Build | Castle |
| 15:06 | Research | Horse Collar |
| 15:06 | Research | Horse Collar |
| 15:09 | Build | Farm |
| 15:20 | Queue | Villager (Male) |
| 15:34 | Build | Farm |
| 15:52 | Queue | Villager (Male) |
| 15:53 | Queue | Villager (Male) |
| 16:01 | Build | Outpost |
| 16:03 | Queue | Villager (Male) |
| 16:08 | Build | Farm |
| 16:10 | Build | Farm |
| 16:21 | Queue | Karambit Warrior |
| 16:21 | Queue | Karambit Warrior |
| 16:28 | Build | House |
| 16:52 | Build | Lumber Camp |
| 17:00 | Queue | Villager (Male) |
| 17:00 | Queue | Villager (Male) |
| 17:01 | Queue | Karambit Warrior |
| 17:15 | Build | House |
| 17:19 | Build | House |
| 17:31 | Queue | Villager (Male) |
| 17:32 | Queue | Karambit Warrior |
| 17:32 | Queue | Karambit Warrior |
| 17:50 | Queue | Villager (Male) |
| 17:53 | Queue | Villager (Male) |
| 17:59 | Build | House |
| 18:01 | Build | House |
| 18:12 | Build | Mining Camp |
| 18:23 | Queue | Karambit Warrior |
| 18:33 | Build | Farm |
| 18:53 | Build | Farm |
| 18:58 | Build | Farm |
| 19:00 | Queue | Villager (Male) |
| 19:11 | Build | Farm |
| 19:20 | Queue | Villager (Male) |
| 19:27 | Build | Farm |
| 19:37 | Build | Farm |
| 19:49 | Queue | Villager (Male) |
| 19:50 | Build | Farm |
| 20:02 | Build | Farm |
| 20:25 | Queue | Villager (Male) |
| 20:35 | Build | Farm |
| 20:38 | Build | Farm |
| 20:46 | Build | House |
| 20:52 | Queue | Villager (Male) |
| 21:03 | Build | Farm |
| 21:12 | Queue | Villager (Male) |
| 21:21 | Build | Farm |
| 21:24 | Research | Wheelbarrow |
| 21:48 | Build | Farm |
| 22:55 | Research | Imperial Age |
| 22:55 | Research | Imperial Age |
| 23:08 | Build | Barracks |
| 23:40 | Build | Siege Workshop |
| 23:49 | Queue | Villager (Male) |
| 23:50 | Research | Gold Mining |
| 23:50 | Research | Gold Mining |
| 23:58 | Build | Stable |
| 24:11 | Queue | Mangonel |
| 24:12 | Queue | Mangonel |
| 24:14 | Queue | Villager (Male) |
| 24:43 | Research | Light Cavalry (upgrade) |
| 24:45 | Queue | Scout Cavalry |
| 24:45 | Queue | Scout Cavalry |
| 24:51 | Age | Imperial Age |
| 24:51 | Build | Stable |
| 25:32 | Queue | Trebuchet (Packed) |
| 25:33 | Queue | Trebuchet (Packed) |
| 26:10 | Build | Palisade Wall |
| 26:20 | Build | Palisade Wall |
| 27:05 | Queue | Villager (Male) |
| 27:06 | Queue | Villager (Male) |
| 27:19 | Queue | Trebuchet (Packed) |
| 27:23 | Queue | Villager (Male) |
| 27:26 | Build | Farm |
| 27:28 | Queue | Villager (Male) |
| 27:30 | Queue | Scout Cavalry |
| 27:31 | Queue | Scout Cavalry |
| 27:31 | Queue | Scout Cavalry |
| 27:43 | Queue | Scout Cavalry |
| 28:04 | Queue | Scout Cavalry |
| 28:12 | Build | Farm |
| 28:12 | Build | Farm |
| 28:18 | Queue | Trebuchet (Packed) |
| 28:22 | Queue | Trebuchet (Packed) |
| 28:23 | Queue | Trebuchet (Packed) |
| 28:26 | Queue | Scout Cavalry |
| 28:26 | Queue | Scout Cavalry |
| 28:39 | Build | Lumber Camp |
| 28:47 | Queue | Scout Cavalry |
| 28:49 | Queue | Villager (Male) |
| 28:57 | Build | Town Center |
| 29:15 | Queue | Scout Cavalry |
| 29:24 | Queue | Karambit Warrior |
| 29:25 | Queue | Karambit Warrior |
| 29:43 | Queue | Scout Cavalry |
| 29:57 | Queue | Scout Cavalry |
| 30:02 | Queue | Scout Cavalry |
Build order — iann254
First 150 of 369 actions detected
| 0:01 | Queue | Villager (Male) ×4 |
| 0:05 | Build | House |
| 0:09 | Build | House |
| 1:30 | Queue | Villager (Male) |
| 1:48 | Build | Lumber Camp |
| 2:04 | Queue | Villager (Male) |
| 2:15 | Queue | Villager (Male) |
| 2:48 | Queue | Villager (Male) |
| 3:03 | Queue | Villager (Male) |
| 3:39 | Queue | Villager (Male) |
| 3:43 | Build | House |
| 3:44 | Build | House |
| 3:45 | Build | House |
| 3:50 | Queue | Villager (Male) |
| 4:27 | Queue | Villager (Male) |
| 4:44 | Build | Mill |
| 5:04 | Queue | Villager (Male) ×2 |
| 5:37 | Queue | Villager (Male) |
| 5:44 | Build | Mill |
| 6:19 | Queue | Villager (Male) ×2 |
| 6:54 | Queue | Villager (Male) |
| 7:35 | Build | Lumber Camp |
| 7:39 | Queue | Villager (Male) |
| 7:39 | Queue | Villager (Male) |
| 8:18 | Build | Mining Camp |
| 8:30 | Research | Feudal Age |
| 9:36 | Build | Farm |
| 9:39 | Build | Farm |
| 9:43 | Build | Farm |
| 9:53 | Queue | Villager (Male) |
| 9:53 | Queue | Villager (Male) |
| 9:53 | Queue | Villager (Male) |
| 10:03 | Build | Farm |
| 10:40 | Age | Feudal Age |
| 10:43 | Build | Market |
| 10:49 | Build | Blacksmith |
| 10:52 | Build | House |
| 10:53 | Build | House |
| 10:53 | Build | House |
| 11:12 | Build | Farm |
| 11:18 | Build | Farm |
| 12:02 | Research | Castle Age |
| 12:02 | Research | Castle Age |
| 12:36 | Research | Double-Bit Axe |
| 13:20 | Research | Horse Collar |
| 13:44 | Build | Mining Camp |
| 14:42 | Age | Castle Age |
| 14:45 | Queue | Villager (Male) |
| 14:45 | Queue | Villager (Male) |
| 14:50 | Build | Town Center |
| 15:04 | Build | Town Center |
| 15:09 | Research | Bow Saw |
| 15:26 | Research | Heavy Plow |
| 15:36 | Queue | Villager (Male) |
| 15:46 | Build | House |
| 15:47 | Build | House |
| 16:15 | Queue | Villager (Male) ×5 |
| 16:23 | Queue | Villager (Male) ×2 |
| 16:35 | Build | House |
| 16:35 | Build | House |
| 16:36 | Build | House |
| 16:58 | Build | Farm |
| 17:02 | Build | Farm |
| 17:02 | Queue | Villager (Male) ×2 |
| 17:10 | Build | Siege Workshop |
| 17:31 | Queue | Villager (Male) |
| 17:37 | Queue | Villager (Male) |
| 17:42 | Build | Farm |
| 17:52 | Build | Gate |
| 17:53 | Queue | Villager (Male) |
| 17:58 | Queue | Mangonel |
| 18:02 | Build | House |
| 18:02 | Build | House |
| 18:02 | Build | House |
| 18:02 | Build | House |
| 18:03 | Build | House |
| 18:03 | Build | House |
| 18:03 | Build | House |
| 18:04 | Build | House |
| 18:04 | Build | House |
| 18:05 | Queue | Villager (Male) |
| 18:15 | Build | Farm |
| 18:25 | Queue | Villager (Male) |
| 18:33 | Build | Gate |
| 18:37 | Build | Stone Wall |
| 18:38 | Queue | Villager (Male) |
| 18:44 | Build | Farm |
| 18:45 | Build | Farm |
| 18:46 | Build | Farm |
| 18:50 | Build | Farm |
| 18:51 | Build | Farm |
| 18:52 | Build | Farm |
| 18:57 | Build | Farm |
| 18:58 | Queue | Villager (Male) |
| 19:07 | Queue | Villager (Male) |
| 19:22 | Build | Stone Wall |
| 19:25 | Build | House |
| 19:26 | Build | House |
| 19:26 | Build | House |
| 19:26 | Build | House |
| 19:26 | Build | House |
| 19:26 | Build | House |
| 19:27 | Queue | Villager (Male) |
| 19:34 | Build | Farm |
| 19:37 | Build | Farm |
| 19:38 | Queue | Villager (Male) |
| 19:47 | Queue | Villager (Male) |
| 20:05 | Build | Town Center |
| 20:06 | Queue | Villager (Male) ×2 |
| 20:18 | Build | House |
| 20:18 | Build | House |
| 20:18 | Build | House |
| 20:19 | Build | House |
| 20:19 | Build | House |
| 20:19 | Build | House |
| 20:20 | Build | House |
| 20:20 | Queue | Villager (Male) ×2 |
| 20:47 | Queue | Villager (Male) ×3 |
| 21:01 | Queue | Villager (Male) ×2 |
| 21:08 | Build | Farm |
| 21:09 | Queue | Villager (Male) |
| 21:11 | Queue | Villager (Male) |
| 21:20 | Build | Outpost |
| 21:22 | Build | Outpost |
| 21:23 | Build | Outpost |
| 21:24 | Queue | Villager (Male) |
| 21:33 | Build | University |
| 21:34 | Queue | Villager (Male) |
| 21:37 | Build | Farm |
| 21:38 | Build | Farm |
| 21:39 | Build | Farm |
| 21:41 | Build | Farm |
| 21:42 | Queue | Villager (Male) ×2 |
| 21:49 | Build | Farm |
| 21:50 | Build | Farm |
| 21:52 | Build | Farm |
| 22:00 | Queue | Villager (Male) |
| 22:16 | Queue | Villager (Male) ×3 |
| 22:24 | Build | Gate |
| 22:26 | Queue | Villager (Male) |
| 22:30 | Build | Farm |
| 22:32 | Build | Farm |
| 22:33 | Build | Farm |
| 22:37 | Build | Farm |
| 22:38 | Build | Farm |
| 22:39 | Build | Farm |
| 22:40 | Build | Farm |
| 22:42 | Queue | Villager (Male) ×2 |
| 22:47 | Build | Farm |
| 22:51 | Build | Farm |
Build order — AiM | PoRRo
First 150 of 486 actions detected
| 0:01 | Queue | Villager (Male) |
| 0:01 | Queue | Villager (Male) |
| 0:03 | Build | House |
| 0:04 | Build | House |
| 0:21 | Queue | Villager (Male) |
| 0:21 | Queue | Villager (Male) |
| 0:21 | Queue | Villager (Male) |
| 1:34 | Queue | Villager (Male) |
| 1:34 | Queue | Villager (Male) |
| 1:48 | Build | Lumber Camp |
| 2:00 | Queue | Villager (Male) |
| 2:00 | Queue | Villager (Male) |
| 2:00 | Queue | Villager (Male) |
| 2:16 | Queue | Villager (Male) |
| 2:16 | Queue | Villager (Male) |
| 2:48 | Queue | Villager (Male) |
| 2:48 | Queue | Villager (Male) |
| 2:48 | Queue | Villager (Male) |
| 3:09 | Queue | Villager (Male) |
| 3:09 | Queue | Villager (Male) |
| 3:09 | Queue | Villager (Male) |
| 3:09 | Queue | Villager (Male) |
| 3:09 | Queue | Villager (Male) |
| 3:09 | Queue | Villager (Male) |
| 3:17 | Build | House |
| 3:34 | Queue | Villager (Male) |
| 3:34 | Queue | Villager (Male) |
| 4:01 | Queue | Villager (Male) |
| 4:01 | Queue | Villager (Male) |
| 4:11 | Build | Mill |
| 4:22 | Queue | Villager (Male) |
| 4:22 | Queue | Villager (Male) |
| 4:22 | Queue | Villager (Male) |
| 4:23 | Queue | Villager (Male) |
| 4:40 | Build | House |
| 4:46 | Queue | Villager (Male) |
| 4:46 | Queue | Villager (Male) |
| 5:20 | Queue | Villager (Male) |
| 5:32 | Queue | Villager (Male) |
| 5:36 | Build | Lumber Camp |
| 5:53 | Queue | Villager (Male) |
| 6:05 | Queue | Villager (Male) |
| 6:19 | Queue | Villager (Male) |
| 6:34 | Queue | Villager (Male) |
| 6:39 | Build | Mill |
| 6:42 | Queue | Villager (Male) |
| 7:57 | Build | House |
| 8:04 | Build | Mining Camp |
| 8:10 | Research | Feudal Age |
| 9:24 | Build | Farm |
| 9:24 | Build | Farm |
| 9:26 | Build | Farm |
| 9:28 | Build | Farm |
| 9:30 | Build | Farm |
| 9:38 | Build | Farm |
| 10:46 | Queue | Villager (Male) |
| 10:49 | Queue | Villager (Male) |
| 10:56 | Age | Feudal Age |
| 10:59 | Build | Market |
| 11:23 | Build | Blacksmith |
| 11:34 | Queue | Villager (Male) |
| 11:56 | Research | Loom |
| 12:02 | Build | House |
| 12:04 | Build | House |
| 12:05 | Build | House |
| 12:06 | Build | House |
| 12:10 | Research | Castle Age |
| 13:59 | Build | House |
| 14:54 | Queue | Villager (Male) |
| 14:55 | Queue | Villager (Male) |
| 15:06 | Queue | Villager (Male) |
| 15:11 | Age | Castle Age |
| 15:17 | Build | Town Center |
| 15:20 | Build | Town Center |
| 15:25 | Queue | Villager (Male) |
| 15:27 | Queue | Villager (Male) |
| 15:49 | Build | Monastery |
| 15:52 | Queue | Villager (Male) |
| 16:20 | Build | Farm |
| 16:33 | Queue | Monk |
| 16:39 | Queue | Villager (Male) |
| 16:41 | Queue | Villager (Male) |
| 16:45 | Build | Farm |
| 16:46 | Build | Farm |
| 16:58 | Queue | Villager (Male) |
| 16:59 | Queue | Villager (Male) |
| 17:05 | Queue | Villager (Male) |
| 17:08 | Build | Farm |
| 17:09 | Build | Farm |
| 17:12 | Queue | Villager (Male) |
| 17:13 | Queue | Villager (Male) |
| 17:13 | Queue | Villager (Male) |
| 17:13 | Queue | Villager (Male) |
| 17:13 | Queue | Villager (Male) |
| 17:14 | Queue | Villager (Male) |
| 17:14 | Queue | Villager (Male) |
| 17:15 | Queue | Villager (Male) |
| 17:15 | Queue | Villager (Male) |
| 17:38 | Research | Fervor |
| 17:39 | Queue | Monk |
| 17:52 | Queue | Villager (Male) |
| 17:52 | Queue | Villager (Male) |
| 17:52 | Queue | Villager (Male) |
| 17:57 | Build | Farm |
| 17:59 | Build | Farm |
| 18:02 | Queue | Villager (Male) |
| 18:02 | Queue | Villager (Male) |
| 18:02 | Queue | Villager (Male) |
| 18:25 | Build | Farm |
| 18:26 | Build | Farm |
| 18:28 | Queue | Villager (Male) |
| 18:29 | Queue | Villager (Male) |
| 18:53 | Queue | Villager (Male) |
| 18:58 | Build | Farm |
| 18:59 | Build | Farm |
| 19:00 | Build | Farm |
| 19:09 | Queue | Villager (Male) |
| 19:11 | Build | Farm |
| 19:12 | Build | Farm |
| 19:15 | Build | Farm |
| 19:15 | Build | Farm |
| 19:18 | Build | Farm |
| 19:18 | Build | Farm |
| 19:18 | Build | Farm |
| 19:19 | Build | Farm |
| 19:19 | Build | Farm |
| 19:19 | Build | Farm |
| 19:24 | Queue | Villager (Male) |
| 19:24 | Queue | Villager (Male) |
| 19:24 | Queue | Villager (Male) |
| 19:24 | Queue | Villager (Male) |
| 20:00 | Queue | Villager (Male) |
| 20:06 | Build | Farm |
| 20:07 | Build | Farm |
| 20:09 | Build | Mining Camp |
| 20:11 | Queue | Villager (Male) |
| 20:11 | Queue | Villager (Male) |
| 20:11 | Queue | Villager (Male) |
| 20:43 | Queue | Villager (Male) |
| 20:47 | Build | Farm |
| 20:49 | Build | Farm |
| 20:50 | Build | Farm |
| 20:58 | Queue | Villager (Male) |
| 21:02 | Queue | Villager (Male) |
| 21:02 | Queue | Villager (Male) |
| 21:02 | Queue | Villager (Male) |
| 21:03 | Queue | Villager (Male) |
| 21:10 | Build | Town Center |
| 21:12 | Queue | Villager (Male) |
| 21:19 | Build | House |
Build order — 我在帝国里面修仙
First 150 of 511 actions detected
| 0:02 | Build | House |
| 0:04 | Build | House |
| 0:05 | Queue | Villager (Male) |
| 0:05 | Queue | Villager (Male) |
| 0:06 | Queue | Villager (Male) |
| 0:21 | Queue | Villager (Male) |
| 1:28 | Queue | Villager (Male) |
| 1:51 | Build | Lumber Camp |
| 1:59 | Queue | Villager (Male) |
| 2:15 | Queue | Villager (Male) |
| 2:48 | Queue | Villager (Male) |
| 2:48 | Queue | Villager (Male) |
| 3:02 | Queue | Villager (Male) |
| 3:43 | Queue | Villager (Male) |
| 3:55 | Build | Mill |
| 4:00 | Queue | Villager (Male) |
| 4:00 | Queue | Villager (Male) |
| 4:10 | Build | House |
| 4:41 | Queue | Villager (Male) |
| 4:41 | Queue | Villager (Male) |
| 4:58 | Build | House |
| 5:08 | Queue | Villager (Male) |
| 5:08 | Queue | Villager (Male) |
| 5:15 | Build | Palisade Wall |
| 5:16 | Build | Palisade Wall |
| 5:16 | Build | Palisade Wall |
| 5:27 | Queue | Villager (Male) |
| 5:28 | Queue | Villager (Male) |
| 5:35 | Build | Farm |
| 5:50 | Build | Palisade Wall |
| 5:53 | Build | Palisade Wall |
| 5:57 | Queue | Villager (Male) |
| 5:59 | Build | Palisade Wall |
| 6:01 | Build | Farm |
| 6:03 | Build | Palisade Wall |
| 6:06 | Build | Palisade Wall |
| 6:13 | Build | Farm |
| 6:14 | Queue | Villager (Male) |
| 6:31 | Queue | Villager (Male) |
| 6:39 | Queue | Villager (Male) |
| 6:40 | Queue | Villager (Male) |
| 6:40 | Queue | Villager (Male) |
| 7:17 | Build | Mining Camp |
| 7:34 | Queue | Villager (Male) |
| 8:01 | Build | House |
| 8:38 | Research | Feudal Age |
| 10:24 | Queue | Villager (Male) |
| 10:24 | Queue | Villager (Male) |
| 10:48 | Age | Feudal Age |
| 10:50 | Build | Blacksmith |
| 10:53 | Build | Market |
| 12:12 | Research | Castle Age |
| 12:25 | Research | Double-Bit Axe |
| 12:56 | Research | Horse Collar |
| 13:25 | Build | House |
| 14:52 | Age | Castle Age |
| 14:54 | Queue | Villager (Male) |
| 14:54 | Queue | Villager (Male) |
| 14:58 | Build | Town Center |
| 15:29 | Queue | Villager (Male) |
| 15:40 | Build | Town Center |
| 16:00 | Build | Farm |
| 16:00 | Build | Farm |
| 16:06 | Queue | Villager (Male) |
| 16:23 | Queue | Villager (Male) |
| 16:25 | Queue | Villager (Male) |
| 16:25 | Queue | Villager (Male) |
| 16:32 | Build | Farm |
| 16:45 | Queue | Villager (Male) |
| 16:51 | Queue | Villager (Male) |
| 16:51 | Queue | Villager (Male) |
| 16:54 | Build | Farm |
| 16:55 | Queue | Villager (Male) |
| 16:55 | Queue | Villager (Male) |
| 17:20 | Build | Farm |
| 17:22 | Queue | Villager (Male) |
| 17:22 | Queue | Villager (Male) |
| 17:23 | Build | Farm |
| 17:25 | Build | Farm |
| 17:38 | Queue | Villager (Male) |
| 17:41 | Build | Farm |
| 17:42 | Queue | Villager (Male) |
| 17:47 | Build | Farm |
| 17:47 | Queue | Villager (Male) |
| 17:48 | Queue | Villager (Male) |
| 17:57 | Build | Farm |
| 18:08 | Queue | Villager (Male) |
| 18:08 | Queue | Villager (Male) |
| 18:22 | Queue | Villager (Male) |
| 18:22 | Queue | Villager (Male) |
| 18:42 | Queue | Villager (Male) |
| 18:42 | Queue | Villager (Male) |
| 18:48 | Build | House |
| 18:49 | Build | House |
| 18:53 | Build | House |
| 18:53 | Build | House |
| 18:56 | Queue | Villager (Male) |
| 18:56 | Queue | Villager (Male) |
| 18:57 | Queue | Villager (Male) |
| 19:03 | Build | Farm |
| 19:04 | Build | Farm |
| 19:08 | Build | Farm |
| 19:13 | Build | Farm |
| 19:28 | Queue | Villager (Male) |
| 19:29 | Queue | Villager (Male) |
| 19:31 | Build | Farm |
| 19:42 | Build | Castle |
| 19:49 | Queue | Villager (Male) |
| 19:49 | Queue | Villager (Male) |
| 19:52 | Queue | Villager (Male) |
| 19:53 | Queue | Villager (Male) |
| 19:55 | Build | Mining Camp |
| 20:21 | Queue | Villager (Male) |
| 20:21 | Queue | Villager (Male) |
| 20:35 | Build | Stone Wall |
| 20:37 | Build | Stone Wall |
| 20:46 | Build | Stone Wall |
| 20:57 | Queue | Villager (Male) |
| 20:57 | Queue | Villager (Male) |
| 21:04 | Queue | Villager (Male) |
| 21:04 | Queue | Villager (Male) |
| 21:04 | Queue | Villager (Male) |
| 21:17 | Build | Stone Wall |
| 21:35 | Queue | Villager (Male) |
| 21:35 | Queue | Villager (Male) |
| 21:35 | Queue | Villager (Male) |
| 21:40 | Build | Stone Wall |
| 21:44 | Build | Stone Wall |
| 21:50 | Build | Stone Wall |
| 21:53 | Build | Stone Wall |
| 21:53 | Queue | Villager (Male) |
| 21:54 | Queue | Villager (Male) |
| 21:54 | Queue | Villager (Male) |
| 22:08 | Build | University |
| 22:12 | Build | Stone Wall |
| 22:25 | Queue | Villager (Male) |
| 22:25 | Queue | Villager (Male) |
| 22:26 | Queue | Villager (Male) |
| 22:26 | Queue | Villager (Male) |
| 22:39 | Build | Stone Wall |
| 22:57 | Queue | Villager (Male) |
| 22:57 | Queue | Villager (Male) |
| 22:58 | Queue | Villager (Male) |
| 22:58 | Queue | Villager (Male) |
| 23:03 | Build | Farm |
| 23:04 | Build | Farm |
| 23:05 | Build | Farm |
| 23:12 | Build | Barracks |
| 23:17 | Build | Stone Wall |
| 23:20 | Build | Stone Wall |
Build order — Alvarooo18
First 150 of 425 actions detected
| 0:03 | Queue | Villager (Male) ×4 |
| 0:04 | Queue | Villager (Male) ×4 |
| 1:31 | Queue | Villager (Male) |
| 1:32 | Queue | Villager (Male) |
| 1:50 | Build | Lumber Camp |
| 1:51 | Queue | Villager (Male) |
| 2:15 | Queue | Villager (Male) |
| 2:15 | Queue | Villager (Male) |
| 2:49 | Queue | Villager (Male) |
| 2:49 | Queue | Villager (Male) |
| 2:49 | Queue | Villager (Male) |
| 3:25 | Queue | Villager (Male) |
| 3:44 | Queue | Villager (Male) |
| 3:44 | Queue | Villager (Male) |
| 4:31 | Queue | Villager (Male) |
| 4:31 | Queue | Villager (Male) |
| 4:32 | Queue | Villager (Male) |
| 4:32 | Queue | Villager (Male) |
| 5:09 | Build | Mill |
| 5:23 | Queue | Villager (Male) ×3 |
| 6:04 | Queue | Villager (Male) |
| 6:04 | Queue | Villager (Male) |
| 6:05 | Queue | Villager (Male) |
| 6:53 | Build | Farm |
| 7:14 | Build | Farm |
| 7:46 | Build | Mining Camp |
| 7:59 | Research | Feudal Age |
| 8:00 | Research | Feudal Age |
| 9:31 | Queue | Villager (Male) |
| 9:31 | Queue | Villager (Male) |
| 10:09 | Age | Feudal Age |
| 10:17 | Build | Market |
| 10:20 | Build | Blacksmith |
| 11:15 | Research | Castle Age |
| 11:15 | Research | Castle Age |
| 11:15 | Research | Castle Age |
| 11:15 | Research | Castle Age |
| 11:54 | Research | Horse Collar |
| 12:22 | Research | Double-Bit Axe |
| 13:00 | Build | Farm |
| 13:25 | Queue | Villager (Male) ×2 |
| 13:55 | Age | Castle Age |
| 13:55 | Queue | Villager (Male) |
| 14:14 | Queue | Villager (Male) |
| 14:24 | Build | Farm |
| 14:46 | Research | Gold Mining |
| 14:49 | Build | Farm |
| 14:51 | Build | Farm |
| 15:02 | Queue | Villager (Male) |
| 15:35 | Build | Castle |
| 15:47 | Build | Farm |
| 15:53 | Queue | Villager (Male) ×2 |
| 16:04 | Build | Farm |
| 16:24 | Queue | Tarkan |
| 16:24 | Queue | Tarkan |
| 16:24 | Queue | Tarkan |
| 16:37 | Build | Farm |
| 16:40 | Queue | Villager (Male) |
| 17:09 | Queue | Tarkan |
| 17:09 | Queue | Tarkan |
| 17:31 | Queue | Tarkan |
| 17:31 | Queue | Tarkan |
| 17:32 | Queue | Tarkan |
| 17:41 | Queue | Tarkan |
| 17:42 | Queue | Tarkan |
| 17:42 | Queue | Tarkan |
| 17:58 | Queue | Tarkan |
| 17:58 | Queue | Tarkan |
| 18:16 | Queue | Tarkan |
| 18:17 | Queue | Tarkan |
| 18:20 | Build | Farm |
| 18:20 | Build | Farm |
| 18:24 | Build | Farm |
| 18:25 | Queue | Villager (Male) ×3 |
| 18:33 | Queue | Tarkan |
| 18:33 | Queue | Tarkan |
| 18:42 | Build | Farm |
| 19:00 | Build | Farm |
| 19:03 | Queue | Tarkan |
| 19:03 | Queue | Tarkan |
| 19:14 | Queue | Tarkan |
| 19:15 | Queue | Tarkan |
| 19:20 | Build | Farm |
| 19:28 | Queue | Villager (Male) |
| 19:38 | Queue | Tarkan |
| 19:43 | Build | Farm |
| 20:08 | Build | Farm |
| 20:27 | Queue | Tarkan ×3 |
| 20:28 | Queue | Tarkan ×4 |
| 20:28 | Queue | Tarkan ×4 |
| 20:28 | Queue | Tarkan |
| 20:28 | Queue | Tarkan |
| 20:43 | Queue | Tarkan |
| 20:43 | Queue | Tarkan |
| 20:53 | Queue | Tarkan |
| 20:53 | Queue | Tarkan |
| 20:54 | Queue | Tarkan |
| 21:02 | Queue | Petard |
| 21:03 | Queue | Petard |
| 21:08 | Research | Scale Barding Armor |
| 21:09 | Research | Scale Barding Armor |
| 21:09 | Research | Scale Barding Armor |
| 21:17 | Queue | Petard |
| 21:25 | Build | Farm |
| 21:25 | Build | Farm |
| 21:27 | Queue | Villager (Male) |
| 21:28 | Queue | Villager (Male) |
| 21:28 | Queue | Villager (Male) |
| 21:28 | Queue | Villager (Male) |
| 21:45 | Queue | Tarkan |
| 21:45 | Queue | Tarkan |
| 21:45 | Queue | Tarkan |
| 21:54 | Research | Forging |
| 21:54 | Research | Forging |
| 21:54 | Research | Forging |
| 22:03 | Queue | Tarkan |
| 22:03 | Queue | Tarkan |
| 22:03 | Queue | Tarkan |
| 22:37 | Queue | Tarkan ×3 |
| 22:37 | Queue | Tarkan ×3 |
| 22:37 | Queue | Tarkan ×3 |
| 23:09 | Research | Chain Barding Armor |
| 23:10 | Research | Chain Barding Armor |
| 23:10 | Research | Chain Barding Armor |
| 23:40 | Queue | Petard |
| 23:40 | Queue | Petard |
| 23:40 | Queue | Petard |
| 23:41 | Queue | Petard |
| 23:43 | Queue | Petard |
| 23:43 | Queue | Petard |
| 23:48 | Queue | Tarkan |
| 23:52 | Queue | Petard |
| 23:53 | Queue | Petard |
| 23:53 | Queue | Petard |
| 24:02 | Build | Farm |
| 24:02 | Build | Farm |
| 24:02 | Build | Farm |
| 24:03 | Build | Farm |
| 24:03 | Build | Farm |
| 24:06 | Queue | Villager (Male) |
| 24:06 | Queue | Villager (Male) |
| 24:06 | Queue | Villager (Male) |
| 24:30 | Queue | Petard |
| 24:43 | Build | Farm |
| 24:56 | Queue | Villager (Male) |
| 24:57 | Queue | Villager (Male) |
| 24:59 | Queue | Villager (Male) |
| 25:09 | Queue | Petard |
| 25:40 | Research | Iron Casting |
| 25:40 | Research | Iron Casting |
Build order — 安心
First 150 of 537 actions detected
| 0:00 | Queue | Villager (Male) |
| 0:02 | Build | House |
| 0:03 | Build | House |
| 0:12 | Queue | Villager (Male) |
| 0:12 | Queue | Villager (Male) |
| 0:16 | Queue | Villager (Male) |
| 0:16 | Queue | Villager (Male) |
| 1:24 | Queue | Villager (Male) |
| 1:25 | Queue | Villager (Male) |
| 1:54 | Build | Lumber Camp |
| 1:56 | Queue | Villager (Male) |
| 1:57 | Queue | Villager (Male) |
| 2:13 | Queue | Villager (Male) |
| 2:13 | Queue | Villager (Male) |
| 2:28 | Queue | Villager (Male) |
| 2:29 | Queue | Villager (Male) |
| 3:03 | Build | House |
| 3:06 | Build | Palisade Wall |
| 3:12 | Build | Palisade Wall |
| 3:14 | Queue | Villager (Male) |
| 3:30 | Queue | Villager (Male) |
| 3:55 | Queue | Villager (Male) |
| 4:36 | Queue | Villager (Male) |
| 4:40 | Build | Palisade Wall |
| 4:50 | Queue | Villager (Male) |
| 5:11 | Build | Mill |
| 5:25 | Queue | Villager (Male) |
| 5:47 | Queue | Villager (Male) |
| 5:54 | Build | Palisade Wall |
| 5:57 | Queue | Villager (Male) |
| 6:01 | Queue | Villager (Male) |
| 6:01 | Queue | Villager (Male) |
| 6:05 | Build | House |
| 6:44 | Queue | Villager (Male) |
| 7:12 | Queue | Villager (Male) |
| 7:23 | Queue | Villager (Male) |
| 7:29 | Build | Farm |
| 7:30 | Build | Farm |
| 7:32 | Queue | Villager (Male) |
| 8:01 | Build | Farm |
| 8:47 | Queue | Villager (Male) |
| 8:49 | Research | Feudal Age |
| 9:41 | Build | Farm |
| 10:27 | Build | House |
| 10:36 | Queue | Villager (Male) |
| 10:59 | Age | Feudal Age |
| 10:59 | Queue | Villager (Male) |
| 11:00 | Queue | Villager (Male) |
| 11:34 | Research | Castle Age |
| 11:35 | Research | Castle Age |
| 12:02 | Build | Mining Camp |
| 12:14 | Research | Double-Bit Axe |
| 12:17 | Research | Horse Collar |
| 13:12 | Build | House |
| 13:13 | Build | House |
| 13:14 | Build | House |
| 13:19 | Queue | Villager (Male) |
| 13:54 | Queue | Villager (Male) |
| 14:14 | Age | Castle Age |
| 14:16 | Queue | Villager (Male) |
| 14:22 | Build | Town Center |
| 14:25 | Queue | Villager (Male) |
| 14:35 | Build | Town Center |
| 14:42 | Queue | Villager (Male) |
| 14:49 | Build | Farm |
| 15:01 | Queue | Villager (Male) |
| 15:31 | Queue | Villager (Male) |
| 15:48 | Queue | Villager (Male) |
| 15:49 | Queue | Villager (Male) |
| 15:50 | Queue | Villager (Male) |
| 15:51 | Queue | Villager (Male) |
| 16:06 | Build | Monastery |
| 16:07 | Queue | Villager (Male) |
| 16:08 | Queue | Villager (Male) |
| 16:12 | Build | Farm |
| 16:13 | Build | Farm |
| 16:16 | Build | Farm |
| 16:17 | Queue | Villager (Male) |
| 16:18 | Queue | Villager (Male) |
| 16:31 | Queue | Villager (Male) |
| 16:34 | Queue | Villager (Male) |
| 16:37 | Build | Farm |
| 16:48 | Queue | Villager (Male) |
| 16:55 | Build | House |
| 16:56 | Queue | Monk |
| 17:00 | Build | Farm |
| 17:01 | Queue | Villager (Male) |
| 17:22 | Build | Farm |
| 17:30 | Queue | Villager (Male) |
| 17:34 | Build | House |
| 17:35 | Build | House |
| 17:38 | Queue | Villager (Male) |
| 17:42 | Build | Farm |
| 17:43 | Build | Farm |
| 17:51 | Queue | Villager (Male) |
| 17:58 | Queue | Villager (Male) |
| 17:58 | Queue | Villager (Male) |
| 18:17 | Queue | Villager (Male) |
| 18:18 | Queue | Villager (Male) |
| 18:26 | Build | Farm |
| 18:28 | Build | Farm |
| 18:28 | Queue | Villager (Male) |
| 18:33 | Queue | Villager (Male) |
| 18:35 | Queue | Villager (Male) |
| 19:03 | Queue | Monk |
| 19:04 | Queue | Villager (Male) |
| 19:04 | Queue | Villager (Male) |
| 19:08 | Build | Farm |
| 19:09 | Build | Farm |
| 19:10 | Build | Farm |
| 19:11 | Build | Farm |
| 19:12 | Build | Farm |
| 19:12 | Queue | Villager (Male) |
| 19:17 | Build | House |
| 19:18 | Build | House |
| 19:20 | Queue | Monk |
| 19:21 | Queue | Villager (Male) |
| 19:34 | Queue | Villager (Male) |
| 19:44 | Build | Farm |
| 19:45 | Build | Farm |
| 19:46 | Queue | Villager (Male) |
| 19:52 | Queue | Villager (Male) |
| 20:02 | Queue | Villager (Male) |
| 20:05 | Queue | Villager (Male) |
| 20:13 | Queue | Villager (Male) |
| 20:16 | Build | Farm |
| 20:17 | Build | Farm |
| 20:18 | Build | Farm |
| 20:19 | Build | Farm |
| 20:25 | Build | Farm |
| 20:26 | Queue | Villager (Male) |
| 20:28 | Build | Farm |
| 20:40 | Queue | Villager (Male) |
| 20:40 | Queue | Villager (Male) |
| 20:43 | Build | House |
| 20:44 | Build | House |
| 20:55 | Queue | Villager (Male) |
| 20:55 | Queue | Villager (Male) |
| 21:15 | Queue | Villager (Male) |
| 21:16 | Queue | Villager (Male) |
| 21:16 | Queue | Villager (Male) |
| 21:20 | Queue | Villager (Male) |
| 21:27 | Build | Farm |
| 21:29 | Build | Farm |
| 21:30 | Build | Farm |
| 21:31 | Build | Farm |
| 21:32 | Build | Farm |
| 21:36 | Build | Farm |
| 21:36 | Build | Farm |
| 21:38 | Build | Farm |
Build order — naski
First 150 of 385 actions detected
| 0:01 | Queue | Villager (Male) |
| 0:01 | Queue | Villager (Male) |
| 0:02 | Queue | Villager (Male) |
| 0:02 | Queue | Villager (Male) |
| 0:02 | Queue | Villager (Male) |
| 0:04 | Build | House |
| 0:05 | Build | House |
| 0:31 | Build | House |
| 1:35 | Queue | Villager (Male) |
| 1:35 | Queue | Villager (Male) |
| 2:10 | Queue | Villager (Male) |
| 2:10 | Queue | Villager (Male) |
| 2:11 | Queue | Villager (Male) |
| 2:13 | Build | Mill |
| 2:38 | Queue | Villager (Male) |
| 2:38 | Queue | Villager (Male) |
| 3:17 | Queue | Villager (Male) |
| 3:18 | Queue | Villager (Male) |
| 3:18 | Queue | Villager (Male) |
| 3:29 | Queue | Villager (Male) |
| 3:29 | Queue | Villager (Male) |
| 4:19 | Queue | Villager (Male) |
| 4:19 | Queue | Villager (Male) |
| 4:19 | Queue | Villager (Male) |
| 4:42 | Build | Lumber Camp |
| 4:49 | Queue | Villager (Male) |
| 4:49 | Queue | Villager (Male) |
| 4:54 | Build | House |
| 5:28 | Queue | Villager (Male) |
| 5:28 | Queue | Villager (Male) |
| 5:28 | Queue | Villager (Male) |
| 5:29 | Queue | Villager (Male) |
| 5:33 | Build | House |
| 5:58 | Queue | Villager (Male) |
| 5:58 | Queue | Villager (Male) |
| 6:03 | Build | House |
| 6:53 | Queue | Villager (Male) |
| 7:19 | Build | Mining Camp |
| 8:06 | Build | Mill |
| 8:28 | Build | Mining Camp |
| 8:36 | Build | Mining Camp |
| 8:41 | Queue | Villager (Male) |
| 8:54 | Build | Farm |
| 8:55 | Build | Farm |
| 8:57 | Research | Feudal Age |
| 10:18 | Queue | Villager (Male) |
| 10:19 | Queue | Villager (Male) |
| 10:51 | Build | Farm |
| 11:25 | Age | Feudal Age |
| 11:29 | Build | Market |
| 11:33 | Build | Blacksmith |
| 12:20 | Research | Castle Age |
| 12:27 | Build | House |
| 12:28 | Build | House |
| 12:29 | Build | House |
| 12:31 | Build | House |
| 12:33 | Build | House |
| 12:48 | Queue | Villager (Male) |
| 12:54 | Research | Horse Collar |
| 13:02 | Build | Farm |
| 13:03 | Build | Farm |
| 13:12 | Build | Farm |
| 13:14 | Research | Double-Bit Axe |
| 13:38 | Queue | Villager (Male) |
| 15:00 | Age | Castle Age |
| 15:08 | Build | Monastery |
| 15:14 | Build | Town Center |
| 15:21 | Queue | Villager (Male) |
| 15:22 | Queue | Villager (Male) |
| 15:37 | Research | Bow Saw |
| 15:42 | Queue | Monk |
| 15:43 | Queue | Monk |
| 15:57 | Queue | Villager (Male) |
| 16:07 | Build | Town Center |
| 17:01 | Queue | Villager (Male) |
| 17:03 | Build | Farm |
| 17:05 | Build | Farm |
| 17:06 | Queue | Villager (Male) |
| 17:07 | Research | Heavy Plow |
| 17:20 | Queue | Villager (Male) |
| 17:26 | Build | Town Center |
| 17:30 | Build | Farm |
| 17:31 | Queue | Villager (Male) |
| 17:45 | Queue | Villager (Male) |
| 17:45 | Queue | Villager (Male) |
| 17:50 | Build | Farm |
| 17:52 | Build | Farm |
| 17:53 | Build | Farm |
| 18:00 | Build | Farm |
| 18:03 | Queue | Villager (Male) |
| 18:18 | Queue | Villager (Male) |
| 18:23 | Queue | Villager (Male) |
| 18:26 | Build | Farm |
| 18:33 | Build | Farm |
| 18:35 | Queue | Villager (Male) |
| 18:37 | Queue | Villager (Male) |
| 18:46 | Queue | Villager (Male) |
| 18:48 | Build | Farm |
| 18:55 | Build | Farm |
| 19:07 | Build | Farm |
| 19:09 | Queue | Villager (Male) |
| 19:11 | Queue | Villager (Male) |
| 19:32 | Build | Farm |
| 19:33 | Queue | Villager (Male) |
| 19:35 | Build | Farm |
| 19:36 | Queue | Villager (Male) |
| 19:37 | Queue | Villager (Male) |
| 19:40 | Queue | Villager (Male) |
| 19:44 | Queue | Villager (Male) |
| 19:44 | Queue | Villager (Male) |
| 19:49 | Build | House |
| 19:51 | Build | House |
| 19:52 | Build | House |
| 19:55 | Build | Stone Wall |
| 20:06 | Build | Farm |
| 20:12 | Build | Farm |
| 20:15 | Queue | Villager (Male) |
| 20:15 | Queue | Villager (Male) |
| 20:18 | Queue | Villager (Male) |
| 20:20 | Queue | Villager (Male) |
| 20:20 | Queue | Villager (Male) |
| 20:24 | Build | Farm |
| 20:40 | Build | Farm |
| 20:45 | Build | Barracks |
| 20:48 | Queue | Villager (Male) |
| 20:48 | Queue | Villager (Male) |
| 20:50 | Research | Loom |
| 20:56 | Queue | Villager (Male) |
| 20:56 | Queue | Villager (Male) |
| 20:58 | Queue | Villager (Male) |
| 21:01 | Build | Farm |
| 21:08 | Build | Lumber Camp |
| 21:23 | Build | Farm |
| 21:25 | Queue | Villager (Male) |
| 21:25 | Queue | Villager (Male) |
| 21:26 | Queue | Villager (Male) |
| 21:26 | Queue | Villager (Male) |
| 21:28 | Queue | Villager (Male) |
| 21:37 | Build | House |
| 21:39 | Build | House |
| 21:41 | Build | House |
| 21:42 | Build | House |
| 21:44 | Queue | Villager (Male) |
| 21:44 | Queue | Villager (Male) |
| 21:48 | Queue | Villager (Male) |
| 21:55 | Queue | Villager (Male) |
| 21:57 | Build | Farm |
| 21:57 | Build | Farm |
| 21:58 | Build | Farm |
| 21:58 | Build | Farm |
Build order — survivorsteven
First 150 of 258 actions detected
| 0:01 | Queue | Villager (Male) ×4 |
| 0:03 | Build | House |
| 0:06 | Build | House |
| 1:26 | Queue | Villager (Male) |
| 1:26 | Queue | Villager (Male) |
| 1:50 | Build | Settlement |
| 2:03 | Queue | Villager (Male) |
| 2:03 | Queue | Villager (Male) |
| 2:16 | Queue | Villager (Male) |
| 2:16 | Queue | Villager (Male) |
| 2:49 | Queue | Villager (Male) |
| 2:49 | Queue | Villager (Male) |
| 3:11 | Build | Palisade Gate |
| 3:17 | Queue | Villager (Male) |
| 3:17 | Queue | Villager (Male) |
| 3:29 | Build | Palisade Gate |
| 3:31 | Build | Palisade Wall |
| 3:37 | Build | Palisade Gate |
| 3:39 | Queue | Villager (Male) |
| 3:39 | Queue | Villager (Male) |
| 3:55 | Build | Palisade Gate |
| 4:00 | Build | Palisade Wall |
| 4:06 | Queue | Villager (Male) |
| 4:34 | Queue | Villager (Male) |
| 4:35 | Queue | Villager (Male) |
| 4:49 | Queue | Villager (Male) |
| 4:50 | Queue | Villager (Male) |
| 5:24 | Queue | Villager (Male) |
| 5:24 | Queue | Villager (Male) |
| 5:36 | Build | Settlement |
| 5:56 | Queue | Villager (Male) |
| 5:56 | Queue | Villager (Male) |
| 5:56 | Queue | Villager (Male) |
| 7:14 | Queue | Villager (Male) |
| 7:38 | Queue | Villager (Male) |
| 8:06 | Research | Feudal Age |
| 8:06 | Research | Feudal Age |
| 9:46 | Build | Farm |
| 9:52 | Queue | Villager (Male) |
| 9:53 | Research | Loom |
| 10:15 | Age | Feudal Age |
| 10:19 | Build | Market |
| 10:21 | Build | Blacksmith |
| 11:14 | Research | Castle Age |
| 11:14 | Research | Castle Age |
| 12:11 | Queue | Villager (Male) |
| 12:34 | Research | Gold Mining |
| 13:10 | Build | House |
| 13:35 | Build | Settlement |
| 13:41 | Queue | Villager (Male) |
| 13:54 | Age | Castle Age |
| 13:57 | Build | Monastery |
| 14:13 | Build | Siege Workshop |
| 14:39 | Queue | Monk |
| 14:39 | Queue | Monk |
| 14:48 | Queue | Monk |
| 14:49 | Queue | Villager (Male) |
| 14:49 | Queue | Villager (Male) |
| 15:17 | Queue | Mangonel |
| 15:17 | Queue | Mangonel |
| 15:29 | Queue | Villager (Male) |
| 15:52 | Build | House |
| 16:22 | Queue | Battering Ram |
| 16:23 | Queue | Battering Ram |
| 16:41 | Build | House |
| 17:15 | Research | Sanctity |
| 17:20 | Build | House |
| 17:29 | Research | Double-Bit Axe |
| 17:30 | Queue | Villager (Male) |
| 17:30 | Queue | Villager (Male) |
| 17:30 | Queue | Villager (Male) |
| 17:53 | Queue | Battering Ram |
| 18:07 | Build | House |
| 18:11 | Queue | Villager (Male) |
| 18:18 | Queue | Battering Ram |
| 18:36 | Build | Monastery |
| 18:52 | Queue | Scorpion |
| 18:57 | Build | Farm |
| 18:59 | Queue | Villager (Male) |
| 19:01 | Queue | Villager (Male) |
| 19:10 | Queue | Monk |
| 19:12 | Queue | Monk |
| 19:27 | Build | Settlement |
| 19:38 | Build | Farm |
| 20:20 | Queue | Villager (Male) |
| 20:22 | Build | Farm |
| 20:23 | Build | Farm |
| 20:24 | Queue | Villager (Male) |
| 20:50 | Queue | Monk |
| 20:51 | Queue | Monk |
| 20:51 | Queue | Battering Ram |
| 21:24 | Build | Castle |
| 21:28 | Queue | Battering Ram |
| 21:36 | Queue | Villager (Male) |
| 21:39 | Build | Farm |
| 21:51 | Queue | Villager (Male) |
| 21:53 | Build | Farm |
| 22:37 | Research | Fletching |
| 23:09 | Queue | Villager (Male) |
| 23:17 | Build | Outpost |
| 23:21 | Build | Outpost |
| 23:22 | Build | Outpost |
| 23:24 | Build | Outpost |
| 23:25 | Build | Outpost |
| 23:37 | Queue | Monk |
| 23:37 | Queue | Monk |
| 23:38 | Queue | Villager (Male) |
| 23:41 | Build | Farm |
| 23:41 | Build | Farm |
| 24:08 | Queue | Battering Ram |
| 24:12 | Queue | Petard |
| 24:12 | Queue | Petard |
| 24:21 | Queue | Villager (Male) |
| 24:21 | Queue | Villager (Male) |
| 26:40 | Queue | Battering Ram |
| 26:40 | Queue | Battering Ram |
| 26:50 | Queue | Battering Ram |
| 26:51 | Queue | Petard ×5 |
| 26:52 | Queue | Villager (Male) |
| 26:57 | Queue | Monk |
| 26:57 | Queue | Monk |
| 27:43 | Queue | Battering Ram |
| 28:01 | Queue | Villager (Male) |
| 28:01 | Queue | Villager (Male) |
| 28:01 | Build | Farm |
| 28:03 | Research | Horse Collar |
| 28:08 | Build | Settlement |
| 28:19 | Build | Farm |
| 28:38 | Research | Redemption |
| 28:56 | Build | Settlement |
| 29:15 | Research | Wheelbarrow |
| 30:02 | Queue | Monk |
| 30:03 | Queue | Monk |
| 30:31 | Queue | Battering Ram |
| 30:31 | Queue | Battering Ram |
| 30:38 | Build | Farm |
| 30:39 | Build | Farm |
| 30:39 | Build | Farm |
| 31:04 | Build | Farm |
| 31:05 | Build | Farm |
| 31:08 | Queue | Villager (Male) |
| 31:09 | Queue | Villager (Male) |
| 31:10 | Queue | Villager (Male) |
| 31:49 | Queue | Scorpion |
| 32:34 | Queue | Monk |
| 32:34 | Queue | Monk |
| 32:54 | Research | Imperial Age |
| 33:15 | Build | House |
| 33:16 | Build | House |
| 34:05 | Build | House |
Match timeline
| 3:06 | 安心 · wall_segment Palisade Wall x5 |
| 3:12 | 安心 · wall_segment Palisade Wall x6 |
| 3:12 | 果酱汁鸡 · wall_segment Palisade Wall x4 |
| 3:14 | 果酱汁鸡 · wall_segment Palisade Wall x8 |
| 3:31 | survivorsteven · wall_segment Palisade Wall x1 |
| 4:00 | survivorsteven · wall_segment Palisade Wall x2 |
| 4:40 | 安心 · wall_segment Palisade Wall x3 |
| 5:15 | 我在帝国里面修仙 · wall_segment Palisade Wall x1 |
| 5:16 | 我在帝国里面修仙 · wall_segment Palisade Wall x1 |
| 5:16 | 我在帝国里面修仙 · wall_segment Palisade Wall x1 |
| 5:50 | 我在帝国里面修仙 · wall_segment Palisade Wall x1 |
| 5:53 | 我在帝国里面修仙 · wall_segment Palisade Wall x1 |
| 5:54 | 安心 · wall_segment Palisade Wall x1 |
| 5:59 | 我在帝国里面修仙 · wall_segment Palisade Wall x1 |
| 6:03 | 我在帝国里面修仙 · wall_segment Palisade Wall x1 |
| 6:06 | 我在帝国里面修仙 · wall_segment Palisade Wall x1 |
| 10:09 | Alvarooo18 · age_up feudal |
| 10:15 | survivorsteven · age_up feudal |
| 10:40 | 果酱汁鸡 · age_up feudal |
| 10:40 | iann254 · age_up feudal |
| 10:48 | 我在帝国里面修仙 · age_up feudal |
| 10:56 | AiM | PoRRo · age_up feudal |
| 10:59 | 安心 · age_up feudal |
| 11:07 | Alvarooo18 · first_market_sell 100 stone |
| 11:10 | survivorsteven · first_market_sell 100 stone |
| 11:12 | survivorsteven · first_market_buy 100 food |
| 11:25 | naski · age_up feudal |
| 11:45 | 我在帝国里面修仙 · first_market_sell 100 wood |
| 11:51 | 我在帝国里面修仙 · first_market_buy 100 food |
| 13:01 | 果酱汁鸡 · first_market_buy 100 food |
| 13:05 | 果酱汁鸡 · first_market_sell 100 wood |
| 13:54 | survivorsteven · age_up castle |
| 13:55 | Alvarooo18 · age_up castle |
| 13:57 | survivorsteven · first_building Monastery |
| 14:13 | survivorsteven · first_building Siege Workshop |
| 14:14 | 安心 · age_up castle |
| 14:42 | iann254 · age_up castle |
| 14:52 | 我在帝国里面修仙 · age_up castle |
| 14:53 | 果酱汁鸡 · age_up castle |
| 14:58 | 果酱汁鸡 · first_building Castle |
| 15:00 | naski · age_up castle |
| 15:08 | naski · first_building Monastery |
| 15:11 | AiM | PoRRo · age_up castle |
| 15:35 | Alvarooo18 · first_building Castle |
| 15:49 | AiM | PoRRo · first_building Monastery |
| 16:06 | 安心 · first_building Monastery |
| 17:10 | iann254 · first_building Siege Workshop |
| 18:22 | naski · first_market_buy 100 food |
| 18:37 | iann254 · wall_segment Stone Wall x3 |
| 19:22 | iann254 · wall_segment Stone Wall x1 |
| 19:42 | 我在帝国里面修仙 · first_building Castle |
| 19:55 | naski · wall_segment Stone Wall x1 |
| 20:35 | 我在帝国里面修仙 · wall_segment Stone Wall x1 |
| 20:37 | 我在帝国里面修仙 · wall_segment Stone Wall x1 |
| 20:45 | naski · first_building Barracks |
| 20:46 | 我在帝国里面修仙 · wall_segment Stone Wall x1 |
| 21:06 | AiM | PoRRo · first_market_buy 100 stone |
| 21:17 | 我在帝国里面修仙 · wall_segment Stone Wall x4 |
| 21:24 | survivorsteven · first_building Castle |
| 21:40 | 我在帝国里面修仙 · wall_segment Stone Wall x4 |
| 21:44 | 我在帝国里面修仙 · wall_segment Stone Wall x5 |
| 21:50 | 我在帝国里面修仙 · wall_segment Stone Wall x5 |
| 21:53 | 我在帝国里面修仙 · wall_segment Stone Wall x15 |
| 22:12 | 我在帝国里面修仙 · wall_segment Stone Wall x3 |
| 22:39 | 我在帝国里面修仙 · wall_segment Stone Wall x5 |
| 22:41 | Alvarooo18 · first_market_buy 100 food |
| 23:08 | 果酱汁鸡 · first_building Barracks |
| 23:12 | 我在帝国里面修仙 · first_building Barracks |
| 23:17 | 我在帝国里面修仙 · wall_segment Stone Wall x18 |
| 23:20 | 我在帝国里面修仙 · wall_segment Stone Wall x2 |
| 23:30 | 安心 · first_building Siege Workshop |
| 23:31 | naski · first_building Stable |
| 23:40 | 果酱汁鸡 · first_building Siege Workshop |
| 23:50 | 我在帝国里面修仙 · wall_segment Stone Wall x7 |
| 23:54 | iann254 · first_building Monastery |
| 23:58 | 果酱汁鸡 · first_building Stable |
| 24:01 | 我在帝国里面修仙 · wall_segment Stone Wall x1 |
| 24:38 | 我在帝国里面修仙 · wall_segment Stone Wall x4 |
| 24:41 | 安心 · first_building Castle |
| 24:51 | 果酱汁鸡 · age_up imperial |
| 25:00 | 我在帝国里面修仙 · wall_segment Stone Wall x6 |
| 25:03 | 我在帝国里面修仙 · wall_segment Stone Wall x1 |
| 25:07 | 我在帝国里面修仙 · wall_segment Stone Wall x4 |
| 25:17 | iann254 · first_building Barracks |
| 25:38 | 我在帝国里面修仙 · wall_segment Stone Wall x6 |
| 25:43 | 我在帝国里面修仙 · wall_segment Stone Wall x8 |
| 26:04 | 我在帝国里面修仙 · wall_segment Stone Wall x1 |
| 26:07 | AiM | PoRRo · first_building Castle |
| 26:08 | 我在帝国里面修仙 · wall_segment Stone Wall x1 |
| 26:10 | 果酱汁鸡 · wall_segment Palisade Wall x1 |
| 26:12 | 我在帝国里面修仙 · wall_segment Stone Wall x5 |
| 26:20 | 果酱汁鸡 · wall_segment Palisade Wall x1 |
| 26:35 | 我在帝国里面修仙 · wall_segment Stone Wall x6 |
| 26:38 | 我在帝国里面修仙 · wall_segment Stone Wall x9 |
| 26:51 | naski · first_building Castle |
| 27:35 | 安心 · first_building Stable |
| 28:08 | AiM | PoRRo · first_building Siege Workshop |
| 28:09 | 我在帝国里面修仙 · wall_segment Stone Wall x3 |
| 28:12 | 我在帝国里面修仙 · wall_segment Stone Wall x1 |
| 28:14 | 我在帝国里面修仙 · wall_segment Stone Wall x6 |
| 29:20 | naski · tribute_sent a jugador 1 |
| 29:20 | naski · tribute_sent a jugador 2 |
| 29:20 | naski · tribute_sent a jugador 3 |
| 29:20 | naski · tribute_sent a jugador 4 |
| 29:20 | naski · tribute_sent a jugador 5 |
| 29:20 | naski · tribute_sent a jugador 7 |
| 29:20 | naski · tribute_sent a jugador 8 |
| 29:27 | 我在帝国里面修仙 · wall_segment Stone Wall x1 |
| 29:35 | 我在帝国里面修仙 · wall_segment Stone Wall x1 |
| 29:38 | 我在帝国里面修仙 · wall_segment Stone Wall x1 |
| 29:49 | naski · first_building Archery Range |
| 29:50 | AiM | PoRRo · first_building Barracks |
| 29:50 | 我在帝国里面修仙 · wall_segment Stone Wall x1 |
| 29:51 | 我在帝国里面修仙 · wall_segment Stone Wall x1 |
| 29:56 | iann254 · first_building Castle |
| 30:14 | 我在帝国里面修仙 · wall_segment Stone Wall x8 |
| 30:22 | iann254 · age_up imperial |
| 30:29 | AiM | PoRRo · first_building Stable |
| 30:45 | 安心 · age_up imperial |
| 30:47 | 我在帝国里面修仙 · wall_segment Stone Wall x1 |
| 30:48 | AiM | PoRRo · age_up imperial |
| 31:28 | 安心 · first_market_sell 100 food |
| 32:20 | naski · age_up imperial |
| 32:50 | iann254 · tribute_sent a jugador 2 |
| 32:50 | iann254 · tribute_sent a jugador 3 |
| 32:50 | iann254 · tribute_sent a jugador 4 |
| 32:50 | iann254 · tribute_sent a jugador 5 |
| 32:50 | iann254 · tribute_sent a jugador 6 |
| 32:50 | iann254 · tribute_sent a jugador 7 |
| 32:50 | iann254 · tribute_sent a jugador 8 |
| 32:58 | 我在帝国里面修仙 · first_building Monastery |
| 33:40 | naski · first_market_sell 100 wood |
| 33:58 | naski · tribute_sent a jugador 1 |
| 33:58 | naski · tribute_sent a jugador 2 |
| 33:58 | naski · tribute_sent a jugador 3 |
| 33:58 | naski · tribute_sent a jugador 4 |
| 33:58 | naski · tribute_sent a jugador 5 |
| 33:58 | naski · tribute_sent a jugador 7 |
| 33:58 | naski · tribute_sent a jugador 8 |
| 34:12 | 果酱汁鸡 · first_building Archery Range |
| 34:40 | 我在帝国里面修仙 · first_building Siege Workshop |
| 35:07 | AiM | PoRRo · first_building Archery Range |
| 35:15 | 我在帝国里面修仙 · age_up imperial |
| 35:29 | iann254 · first_building Archery Range |
| 36:04 | survivorsteven · age_up imperial |
| 36:48 | AiM | PoRRo · first_market_sell 500 food |
| 38:05 | naski · tribute_sent a jugador 1 |
| 38:05 | naski · tribute_sent a jugador 2 |
| 38:05 | naski · tribute_sent a jugador 3 |
| 38:05 | naski · tribute_sent a jugador 4 |
| 38:05 | naski · tribute_sent a jugador 5 |
| 38:05 | naski · tribute_sent a jugador 7 |
| 38:05 | naski · tribute_sent a jugador 8 |
| 39:19 | naski · first_building Siege Workshop |
| 39:39 | Alvarooo18 · first_building Barracks |
| 40:59 | 我在帝国里面修仙 · first_building Archery Range |
| 41:04 | 果酱汁鸡 · resign |
| 42:06 | survivorsteven · first_building Barracks |
| 42:35 | Alvarooo18 · age_up imperial |
| 43:41 | survivorsteven · first_building Archery Range |
| 47:18 | Alvarooo18 · first_building Archery Range |
[ AI ANALYSIS · 1 CREDIT ]
What really happened in this match?
Wolo.gg analyzes every decision: build order, eco, micro, common mistakes by bracket. Personalized analysis on WhatsApp or Discord in 30 seconds.
Civ guide
Malay
Perfil
Jugador #11657899